 Dungeon Crawl Stone Soup version 0.21.1-1-g345015fe64 (webtiles) character file.

74 Oravi the Cutter (level 4, -6/30 HPs)
             Began as a Halfling Fighter on Apr 11, 2018.
             Mangled by a gnoll
             ... wielding a +0 halberd
              (10 damage)
             ... on level 2 of the Dungeon.
             The game lasted 00:05:44 (1492 turns).

Oravi the Cutter (Halfling Fighter)                 Turns: 1492, Time: 00:05:44

Health: -6/30      AC:  8    Str: 22    XL:     4   Next: 54%
Magic:  0/4        EV:  9    Int:  6    God:
Gold:   36         SH: 10    Dex: 14    Spells: 3/3 levels left

rFire    . . .     SeeInvis .   a - +1 rapier
rCold    . . .     Gourm    .   c - +0 shield
rNeg     . . .     Faith    .   b - +0 scale mail
rPois    .         Spirit   +   (no helmet)
rElec    .         Reflect  .   (no cloak)
rCorr    .         Harm     .   k - +0 pair of gloves
MR       .....                  (no boots)
Stlth    ..........             m - amulet of guardian spirit
HPRegen  0.10/turn              (no ring)
MPRegen  0.09/turn              (no ring)

@: mighty
A: small, mutation resistance 1
a: no special abilities


You were on level 2 of the Dungeon.
You were not hungry.

You visited 1 branch of the dungeon, and saw 2 of its levels.

You collected 36 gold pieces.

Inventory:

Hand Weapons
 a - a +1 rapier (weapon)
Missiles
 g - 82 stones (quivered)
 n - 14 sling bullets
Armour
 b - a +0 scale mail (worn)
 c - a +0 shield (worn)
 k - a +0 pair of gloves (worn)
Jewellery
 m - an amulet of guardian spirit (around neck)
Scrolls
 h - a scroll of identify
 o - a scroll of remove curse {unknown}
Potions
 e - 3 potions of heal wounds
 j - a potion of curing {unknown}
 l - a potion of haste {unknown}
Comestibles
 f - 3 rations
 i - 11 chunks of flesh


   Skills:
 - Level 2.6 Fighting
 + Level 5.3 Short Blades
 - Level 3.2 Armour
 - Level 3.2 Shields


You had 3 spell levels left.
You didn't know any spells.

Dungeon Overview and Level Annotations

Branches:
Dungeon (2/15)

Altars:

Annotations:
D:1 fly
D:2 Sigmund


Innate Abilities, Weirdness & Mutations

You are small and have problems with some larger weapons.
You are somewhat resistant to further mutation.


Message History

You block the gnoll's attack. The gnoll barely misses you.
You puncture the gnoll!
You kill the gnoll!
Your Short Blades skill increases to level 5!
You closely miss the gnoll. You block the gnoll's attack.
Something hits you but does no damage. The gnoll hits you but does no damage.
You puncture the gnoll!
You kill the gnoll!
You block the gnoll's attack. Something hits you. You block the gnoll's attack.
Something hits you.
Things that are here:
a dagger; a kobold corpse You completely miss something.
The gnoll hits you with a halberd!
You closely miss something. Something hits you.
* * * LOW HITPOINT WARNING * * *
You block the gnoll's attack. Something hits you.
* * * LOW HITPOINT WARNING * * *
The gnoll hits you from afar with a halberd!
You die...

# ##.######.##...
##..รท.............
##).%).#..........
#.............#...
##..............#
#.<............#
#..............#
................#
###............@.#
.............)).#
#.......<...g{..#
#..>..#.....#.##
#########......#
###.....# ##......
##.##... .. ...


You could see a gnoll.

Vanquished Creatures
  2 gnolls (D:2)
  3 dart slugs (D:1)
  A leopard gecko (D:1)
  An orc (D:2)
  7 goblins
  4 hobgoblins (D:1)
  9 jackals
  6 kobolds
  A quokka (D:2)
  A bat (D:1)
  3 frilled lizards (D:2)
  4 rats
  A plant (D:1)
43 creatures vanquished.

Notes
Turn   | Place    | Note
-------+----------+-------------------------------------------
     0 | D:1      | Oravi the Halfling Fighter began the quest for the Orb.
     0 | D:1      | Reached XP level 1. HP: 15/15 MP: 1/1
    72 | D:1      | Reached skill level 3 in Short Blades
   155 | D:1      | Reached XP level 2. HP: 9/20 MP: 2/2
   590 | D:1      | Reached skill level 4 in Short Blades
   590 | D:1      | Reached XP level 3. HP: 25/25 MP: 3/3
  1188 | D:2      | Noticed Sigmund
  1440 | D:2      | Reached XP level 4. HP: 28/30 MP: 4/4
  1486 | D:2      | Reached skill level 5 in Short Blades
  1492 | D:2      | Mangled by a gnoll

Skill      XL: |  1  2  3  4 |
---------------+-------------+-----
Short Blades   | 3 4 5 |  5.3
Fighting       | |  2.6
Armour         | |  3.2
Shields        | |  3.2

Action                   |  1- 3 |  4- 6 || total
-------------------------+-------+-------++-------
Melee: Rapier            |   174 |    18 ||   192
  Use: Scroll            |     3 |       ||     3
       Potion            |       |     1 ||     1
  Eat: Chunk             |     2 |       ||     2
Armor: Scale mail        |    63 |    10 ||    73
Dodge: Dodged            |    62 |     4 ||    66
Block: Shield            |    74 |    13 ||    87
